 Dungeon Crawl Stone Soup version 0.21.0-24-g2553a33 (webtiles) character file.

1763 Monsterracer the Destroyer (level 9, -2/49 HPs)
             Began as a Tengu Wizard on Jan 19, 2018.
             Was a Believer of Ashenzari.
             Slain by an ice beast (14 damage)
             ... on level 6 of the Dungeon.
             The game lasted 00:14:38 (8102 turns).

Monsterracer the Destroyer (Tengu Wizard)           Turns: 8102, Time: 00:14:39

Health: -2/49      AC:  2    Str:  8    XL:     9   Next: 7%
Magic:  4/17       EV: 12    Int: 22    God:    Ashenzari [**....]
Gold:   385        SH:  4    Dex: 12    Spells: 8/17 levels left

rFire    . . .     SeeInvis .   a - staff of conjuration (curse) {!F}
rCold    . . .     Gourm    .   f - +0 buckler (curse)
rNeg     . . .     Faith    .   m - +0 robe
rPois    .         Spirit   .   l - +0 hat (curse)
rElec    .         Reflect  .   (no cloak)
rCorr    .         Harm     .   (no gloves)
MR       .....                  (boots unavailable)
Stlth    +.........             q - amulet of regeneration (curse)
HPRegen  0.56/turn              (no ring)
MPRegen  0.15/turn              (no ring)

@: heavily drained
A: beak, talons 3, able to fly 1
a: Fly, Curse Item, Scrying, Renounce Religion


You were on level 6 of the Dungeon.
You worshipped Ashenzari.
Ashenzari was pleased with you.
You were not hungry.

You visited 1 branch of the dungeon, and saw 7 of its levels.

You collected 385 gold pieces.

Inventory:

Hand Weapons
 r - a +0 scimitar
Missiles
 d - 26 sling bullets
 h - a throwing net (quivered)
Armour
 f - a cursed +0 buckler (worn)
 g - a +0 ring mail
 l - a cursed +0 hat (worn)
 m - a +0 robe (worn)
Magical Staves
 a - a cursed staff of conjuration (weapon) {!F}
Jewellery
 b - an uncursed ring of flight
 q - a cursed amulet of regeneration (around neck)
Wands
 k - a wand of clouds (5)
 v - a wand of paralysis (13)
Scrolls
 t - 2 scrolls of teleportation
 w - a scroll of blinking
 y - a scroll of identify
Potions
 e - a potion of curing
 i - a potion of might
 j - 4 potions of lignification
 n - a potion of invisibility
 o - 2 potions of resistance
 p - 2 potions of haste
 s - 4 potions of flight
 u - a potion of agility
 x - a potion of heal wounds
Comestibles
 c - 4 rations


   Skills:
 + Level 2.9(1.4) Fighting
 + Level 3.3(1.9) Dodging
 - Level 2.0(0.6) Stealth
 - Level 3.0(2.8) Shields
 + Level 4.7(5.4) Spellcasting
 - Level 10.0(8.2) Conjurations
   Level 1.2(0.0) Summonings
 - Level 2.0(0.6) Translocations
 - Level 3.1(1.7) Fire Magic
 - Level 4.0(2.5) Air Magic


You had 8 spell levels left.
You knew the following spells:

 Your Spells              Type           Power        Failure   Level  Hunger
a - Magic Dart            Conj           ####         1%          1    None
b - Conjure Flame         Conj/Fire      #####...     4%          3    ##.....
c - Mephitic Cloud        Conj/Pois/Air  ####....     8%          3    ##.....
e - Blink                 Tloc           N/A          13%         2    None


Dungeon Overview and Level Annotations

Branches:
Dungeon (7/15)             Temple (0/1) D:6

Altars:
Ashenzari
Gozag
Hepliaklqana
Nemelex Xobeh
Qazlal
Ru
Wu Jian


Innate Abilities, Weirdness & Mutations

You have a beak for a mouth.
You have claws for feet.
You can fly.


Message History

Press: ? - help, Shift-Dir - straight line, f/p - wight
Aim: a wight, wielding a short sword and wearing a robe (heavily damaged)
You feel a surge of power!
The magic dart hits the wight.
The wight is severely damaged.
The black bear growls angrily.
You now have 9/17 mp.
Casting: Magic Dart
Confirm with . or Enter, or press ? or * to list all spells.
Aiming: Magic Dart
Press: ? - help, Shift-Dir - straight line, f/p - wight
Aim: a wight, wielding a short sword and wearing a robe (severely damaged)
You feel a surge of power!
The magic dart hits the wight.
The wight is almost destroyed.
Casting: Magic Dart
Confirm with . or Enter, or press ? or * to list all spells.
Aiming: Magic Dart
Press: ? - help, Shift-Dir - straight line, f/p - wight
Aim: a wight, wielding a short sword and wearing a robe (almost destroyed)
You feel a surge of power!
The magic dart hits the wight.
The wight is moderately damaged.
The wight hits you with a mace.
You feel drained.
You take 6 damage, and have 38/49 hp.
You now have 8/17 mp.
Casting: Magic Dart
Confirm with . or Enter, or press ? or * to list all spells.
Aiming: Magic Dart
Press: ? - help, Shift-Dir - straight line, f/p - wight
Aim: a wight, wielding a short sword and wearing a robe (almost destroyed)
You feel a surge of power!
The magic dart hits the wight.
The wight is almost destroyed.
You block the wight's attack. The wight barely misses you.
An adder comes into view.
You now have 7/17 mp.
Casting: Magic Dart
Confirm with . or Enter, or press ? or * to list all spells.
Aiming: Magic Dart
Press: ? - help, Shift-Dir - straight line, f/p - wight
Aim: a wight, wielding a short sword and wearing a robe (almost destroyed)
You feel a surge of power!
The magic dart hits the wight.
You destroy the wight!
Base training target 2.0 for Translocations reached!
Your base Translocations skill increases to level 2!
The adder hisses angrily.
The wight hits you with a mace.
You take 4 damage, and have 35/49 hp.
You now have 6/17 mp.
The ice beast closely misses you.
Casting: Magic Dart
Confirm with . or Enter, or press ? or * to list all spells.
Aiming: Magic Dart
Press: ? - help, Shift-Dir - straight line, f - ice beast
Aim: an ice beast You feel a surge of power!
The magic dart hits the ice beast.
The ice beast is lightly wounded.
The ice beast barely misses you.
There is a stone staircase leading up here.
The ice beast hits you. The ice beast freezes you.
You climb upwards.
There is a stone staircase leading down here.
You take 7 damage, and have 35/49 hp.
Put on which piece of jewellery? (? for menu, Esc to quit)
Okay, then.
Casting: Magic Dart
Confirm with . or Enter, or press ? or * to list all spells.
Aiming: Magic Dart
Press: ? - help, Shift-Dir - straight line, f - ice beast
Aim: an ice beast You feel a surge of power!
The magic dart hits the ice beast.
The ice beast is lightly wounded.
The ice beast hits you. The ice beast freezes you!
You take 10 damage, and have 25/49 hp.
MASSIVE DAMAGE!!
You now have 6/17 mp.
Casting: Magic Dart
Confirm with . or Enter, or press ? or * to list all spells.
Aiming: Magic Dart
Press: ? - help, Shift-Dir - straight line, f/p - ice beast
Aim: an ice beast (lightly wounded)
You feel a surge of power!
The magic dart hits the ice beast.
The ice beast is lightly wounded.
You block the ice beast's attack.
Casting: Magic Dart
Confirm with . or Enter, or press ? or * to list all spells.
Aiming: Magic Dart
Press: ? - help, Shift-Dir - straight line, f/p - ice beast
Aim: an ice beast (lightly wounded)
You feel a surge of power!
The magic dart hits the ice beast.
The ice beast is moderately wounded.
The ice beast hits you.
* * * LOW HITPOINT WARNING * * *
The ice beast freezes you!
* * * LOW HITPOINT WARNING * * *
You take 11 damage, and have 14/49 hp.
MASSIVE DAMAGE!!
You now have 5/17 mp.
Casting: Magic Dart
Confirm with . or Enter, or press ? or * to list all spells.
Aiming: Magic Dart
Press: ? - help, Shift-Dir - straight line, f/p - ice beast
Aim: an ice beast (moderately wounded)
You feel a surge of power!
The magic dart hits the ice beast.
The ice beast is moderately wounded.
The ice beast hits you.
* * * LOW HITPOINT WARNING * * *
The ice beast freezes you!
You die...

#..#
#.....#####.##
#..###.###)# #.#
#.#...####)### #.#
#.##.###.....# #.#
#.##.###.###.###.#
#.#......# #.....#
#.....##.###.#####
#.....##.....#
#.......Y@.###
#.....######
##....#
########.#.#
###..........#
....######.###
##### #.# #.#
######.#


You could see an ice beast.

Vanquished Creatures
  Prince Ribbit (D:6)
  2 ogres
  A phantom (D:4)
  A black bear (D:6)
  A big kobold (D:3)
  A wyvern skeleton (D:6)
  4 wights
  A howler monkey (D:7)
  A crimson imp (D:5)
  A quasit (D:5)
  5 hounds
  An orc priest (D:5)
  A centaur skeleton (D:5)
  An iguana (D:4)
  A jelly (D:5)
  3 orc wizards
  3 bullfrog skeletons (D:4)
  Jessica (D:2)
  4 worker ants
  A hound skeleton (D:6)
  3 worker ant zombies
  8 adders
  A howler monkey skeleton (D:6)
  2 shadow imps (D:6)
  An ooze (D:1)
  An adder zombie (D:7)
  4 worms
  2 dart slugs
  4 leopard geckos
  17 orcs
  4 bats
  5 giant cockroaches
  10 goblins
  12 hobgoblins
  3 jackals (D:4)
  16 kobolds
  4 quokkas
  A ball python (D:5)
  8 frilled lizards
  7 rats
148 creatures vanquished.

Notes
Turn   | Place    | Note
-------+----------+-------------------------------------------
     0 | D:1      | Monsterracer the Tengu Wizard began the quest for the Orb.
     0 | D:1      | Reached XP level 1. HP: 10/10 MP: 5/5
    70 | D:1      | Reached skill level 2 in Conjurations
   112 | D:1      | Reached skill level 3 in Conjurations
   112 | D:1      | Reached XP level 2. HP: 15/15 MP: 1/7
   116 | D:1      | Learned a level 2 spell: Blink
   565 | D:1      | Reached XP level 3. HP: 19/19 MP: 6/8
   570 | D:1      | Learned a level 3 spell: Conjure Flame
   710 | D:1      | Reached skill level 4 in Conjurations
  1348 | D:2      | Noticed Jessica
  1351 | D:2      | Killed Jessica
  1351 | D:2      | Reached skill level 5 in Conjurations
  1351 | D:2      | Reached XP level 4. HP: 24/24 MP: 5/9
  1372 | D:2      | Learned a level 3 spell: Mephitic Cloud
  1561 | D:2      | Found an ornate altar of the Wu Jian Council.
  1754 | D:2      | Found a faded altar of an unknown god.
  1767 | D:2      | Found a shattered altar of Ashenzari.
  1786 | D:2      | Became a worshipper of Ashenzari the Shackled
  1808 | D:2      | Reached skill level 6 in Conjurations
  1961 | D:2      | Gained mutation: You can fly. [Tengu growth]
  1961 | D:2      | Reached XP level 5. HP: 28/28 MP: 4/10
  2186 | D:3      | Noticed a big kobold
  2281 | D:3      | Killed a big kobold
  2281 | D:3      | Reached skill level 7 in Conjurations
  2379 | D:3      | Found an opulent altar of Gozag.
  2776 | D:3      | Reached XP level 6. HP: 32/32 MP: 8/11
  3041 | D:3      | Found a sacrificial altar of Ru.
  3062 | D:3      | Reached skill level 8 in Conjurations
  3598 | D:5      | Entered Level 5 of the Dungeon
  3633 | D:4      | Found a hazy altar of Hepliaklqana.
  3633 | D:4      | Found a sparkling altar of Nemelex Xobeh.
  3869 | D:5      | Reached * piety under Ashenzari
  3885 | D:5      | Reached skill level 1 in Air Magic
  4054 | D:5      | Reached skill level 1 in Fire Magic
  4055 | D:5      | HP: 16/32 [centaur skeleton (2)]
  4059 | D:5      | HP: 6/32 [centaur skeleton (7)]
  4347 | D:5      | Reached XP level 7. HP: 26/36 MP: 4/12
  4719 | D:5      | HP: 18/36 [poisoned by a worker ant]
  4724 | D:5      | HP: 9/36 [poisoned by a worker ant]
  4729 | D:5      | HP: 5/36 [poisoned by a worker ant]
  4734 | D:5      | HP: 3/36 [poisoned by a worker ant]
  4739 | D:5      | HP: 2/36 [poisoned by a worker ant]
  4746 | D:5      | HP: 3/36 [poisoned by a worker ant]
  4753 | D:5      | HP: 5/36 [poisoned by a worker ant]
  4761 | D:5      | HP: 7/36 [poisoned by a worker ant]
  4835 | D:5      | Found a stormy altar of Qazlal.
  4838 | D:5      | Noticed a water elemental
  4852 | D:5      | HP: 17/36 [poisoned by a worker ant]
  4857 | D:5      | HP: 15/36 [poisoned by a worker ant]
  4862 | D:5      | HP: 14/36 [poisoned by a worker ant]
  4867 | D:5      | HP: 14/36 [poisoned by a worker ant]
  4873 | D:5      | HP: 15/36 [poisoned by a worker ant]
  4881 | D:5      | HP: 17/36 [poisoned by a worker ant]
  4934 | D:5      | Noticed a fire elemental
  4934 | D:5      | Noticed an air elemental
  5316 | D:4      | Reached skill level 9 in Conjurations
  5567 | D:4      | Reached skill level 1 in Shields
  5767 | D:4      | Reached XP level 8. HP: 31/42 MP: 0/14
  6255 | D:6      | HP: 16/42 [orc/war axe (10)]
  6450 | D:6      | Reached skill level 1 in Fighting
  6726 | D:6      | Noticed Prince Ribbit
  6737 | D:6      | Killed Prince Ribbit
  6847 | D:6      | Reached skill level 10 in Conjurations
  6962 | D:6      | HP: 21/44 [black bear (6)]
  6963 | D:6      | HP: 6/44 [black bear (6)]
  6967 | D:6      | HP: 2/44 [black bear (5)]
  6967 | D:6      | Reached skill level 1 in Translocations
  7442 | D:6      | Found a staircase to the Ecumenical Temple.
  7566 | D:6      | HP: 22/45 [wight/enchanted mace (1)]
  7572 | D:6      | HP: 21/45 [wight/enchanted mace (4)]
  7580 | D:6      | HP: 20/45 [wight/enchanted mace (1)]
  7594 | D:6      | HP: 15/45 [wight/enchanted mace (6)]
  7596 | D:6      | HP: 1/45 [wight/enchanted mace (11)]
  7615 | D:6      | Reached XP level 9. HP: 9/49 MP: 0/16
  7754 | D:6      | Reached ** piety under Ashenzari
  8101 | D:6      | HP: 21/49 [ice beast (5)]
  8102 | D:6      | Slain by an ice beast

Skill      XL: |  1  2  3  4  5  6  7  8  9 |
---------------+----------------------------+-----
Conjurations   | 3 5 6 7 8 9 10 | 10.0
Air Magic      | 1 3 4 |  4.0
Fire Magic     | 1 2 3 |  3.1
Shields        | 1 3 |  3.0
Fighting       | 2 |  2.9
Spellcasting   | 4 |  4.7
Translocations | 1 2 |  2.0
Dodging        | 3 |  3.3
Stealth        | |  2.0
Summonings     | |  1.2

Action                   |  1- 3 |  4- 6 |  7- 9 || total
-------------------------+-------+-------+-------++-------
Melee: Unarmed           |     3 |       |       ||     3
       Dagger            |       |     7 |       ||     7
       Kick              |       |     3 |     7 ||    10
       Short sword       |       |     1 |       ||     1
       Staff             |       |     3 |    26 ||    29
       Peck              |       |       |     3 ||     3
 Cast: Magic Dart        |    70 |   154 |   299 ||   523
       Mephitic Cloud    |       |     3 |     1 ||     4
       Blink             |       |       |     2 ||     2
       Conjure Flame     |       |       |     1 ||     1
Invok: Curse Item        |       |     2 |     2 ||     4
 Abil: Fly               |       |     1 |       ||     1
  Use: Scroll            |       |    11 |     7 ||    18
  Eat: Chunk             |     1 |     9 |     9 ||    19
       Ration            |       |       |     1 ||     1
Armor: Robe              |       |     8 |    10 ||    18
Dodge: Dodged            |    10 |    34 |    81 ||   125
Block: Buckler           |       |       |    13 ||    13

Vault maps used:
D:1:      dpeg_arrival_tiny_k, hangedman_glass_teeth, minmay_crystal_room,
          hangedman_decor_clover_reticule
D:2:      overflow_temple_1_default, chequers_ecumenical_altar_lobes,
          ashenzari_altar_1, uniq_jessica
D:3:      cheibrodos_thug_alley, nicolae_ru_great_annihilating_truth,
          grunt_gozag_statues
D:4:      nicolae_overflow_hidden_temple, first_ration
D:5:      nicolae_qazlal_style_of_elements, kennysheep_generic_room_6
D:6:      minmay_temple_entry_fiery, uniq_prince_ribbit1
D:7:      elyvilon_altar_1, bh_chokoban, the_bakery, minmay_tree_intersection
